 Dungeon Crawl Stone Soup version 0.31-a0-234-gad7ace16ef (webtiles) character file.

Game seed: 11467178184792980422

65 qw the Shooter (level 4, 0/26 HPs)
             Began as a Gargoyle Hexslinger on July 9, 2023.
             Slain by a gnoll
             ... wielding a +0 whip
              (6 damage)
             ... on level 3 of the Dungeon.
             The game lasted 00:00:34 (1770 turns).

qw the Shooter (Gargoyle Hexslinger)                Turns: 1770, Time: 00:00:35

Health: 0/26       AC:  6    Str: 12    XL:     4   Next: 14%
Magic:  5/5        EV: 11    Int: 13    God:
Gold:   110        SH:  0    Dex: 14    Spells: 4/5 levels left

rFire   . . .        Y - +1 sling
rCold   . . .        (no shield)
rNeg    + . .        g - +0 leather armour
rPois   inf          (no helmet)
rElec   +            (no cloak)
rCorr   .            (no gloves)
SInv    +            (no boots)
Will    .....        (no amulet)
Stlth   +            h - ring of see invisible
HPRegen 0.24/turn    (no ring)
MPRegen 0.09/turn

%: no passive effects
@: no status effects
A: sickness immunity, AC +3, negative energy resistance 1, electricity
resistance, torment resistance 1, petrification resistance
a: no special abilities


You were on level 3 of the Dungeon.
You visited 1 branch of the dungeon, and saw 3 of its levels.

You collected 110 gold pieces.


Innate Abilities, Weirdness & Mutations

You are immune to sickness and miasma.
Your stone body is resilient. (AC +3)
You are immune to poison.
You resist negative energy. (rN+)
You are resistant to electric shocks. (rElec)
You are resistant to unholy torment.
You are immune to petrification.


   Skills:
 - Level 2.0 Fighting
 + Level 4.0 Ranged Weapons
 - Level 1.5 Dodging
 - Level 1.0 Spellcasting
 - Level 2.6 Hexes


You had 4 spell levels left.
You knew the following spells:

 Your Spells              Type           Power      Damage    Failure   Level
a - Slow                  Hex            28%        N/A       12%         1

Your spell library contained the following spells:

 Spells                   Type           Power      Damage    Failure   Level
 Inner Flame              Hex/Fire       4%         N/A       52%         3
 Portal Projectile        Hex/Tloc       8%         N/A       52%         3
 Cause Fear               Hex            3%         N/A       75%         4

Inventory:

Hand Weapons
 Y - a +1 sling (weapon)
Armour
 g - a +0 leather armour (worn)
Jewellery
 h - a ring of see invisible (left hand)
Scrolls
 a - a scroll of identify
 b - a scroll of immolation {unknown}
Potions
 d - a potion of might {unknown}
 e - a potion of curing
 f - a potion of cancellation {unknown}

Dungeon Overview and Level Annotations

Branches:
Dungeon (3/15)

Altars:
Cheibriados
Sif Muna

Shops:
D:3 *


Message History

A gnoll comes into view. It is wielding a +0 whip.
Enter note:
Enter note:
Enter note:
Enter note:
Enter note:
Enter note: You shoot a sling bullet.
The sling bullet hits the gnoll.
The gnoll is lightly wounded.
You hear a shout!
A gnoll comes into view. It is wielding a +0 flail.
You hear a shout!
You hear an angry hiss.
You shoot a sling bullet.
The sling bullet closely misses the gnoll.
You shoot a sling bullet. The sling bullet hits the gnoll.
The gnoll is moderately wounded.
The gnoll throws a throwing net.
The throwing net completely misses you.
You shoot a sling bullet. The sling bullet hits the gnoll.
The gnoll is heavily wounded.
A gnoll comes into view. It is wielding a +0 club.
The gnoll hits you with a +0 flail.
You shoot a sling bullet. The sling bullet hits the gnoll.
The gnoll is almost dead.
The gnoll hits you with a +0 flail.
You shoot a sling bullet. The sling bullet hits the gnoll.
You kill the gnoll!
The gnoll barely misses you.
Your Ranged Weapons skill increases to level 4!
You have reached level 4!
You feel stronger.
You shoot a sling bullet. The sling bullet hits the gnoll.
The gnoll is lightly wounded.
The gnoll closely misses you. x2; The gnoll hits you with a +0 whip!
You shoot a sling bullet. The sling bullet hits the gnoll.
The gnoll is severely wounded.
The gnoll hits you with a +0 club. The gnoll hits you with a +0 whip.
You shoot a sling bullet.
The sling bullet hits the gnoll but does no damage.
The gnoll is severely wounded.
The gnoll barely misses you. The gnoll hits you with a +0 whip.
You die...

#.....###.. ..
..##...###.)....
#.#...............(
.....#..#####...... $
..........)........ ..
#.#...............
#.###......#####......
#...gg..#(# #.........
#..#@....###%#####.<.
#.(.....##.# #..#.
#.....#........# #..#.
##..###.#.#.....#
#...# #.. #.#.##....#
#.#.# #.
..#.##....###.#.# #
#.##.............. ..
.##..#........# .## .
#.<#.#####...


You could see 2 gnolls.

Vanquished Creatures
  A gnoll (D:3)
  2 adders
  3 dart slugs
  2 ball pythons
  A bat (D:1)
  2 endoplasms (D:1)
  3 giant cockroaches (D:1)
  A goblin (D:2)
  A hobgoblin (D:1)
  3 jackals (D:1)
  2 quokkas (D:1)
  2 frilled lizards
  5 kobolds
  2 rats
30 creatures vanquished.

Notes
Turn   | Place    | Note
-------+----------+-------------------------------------------
     0 | D:1      | qw the Gargoyle Hexslinger began the quest for the Orb.
     0 | D:1      | Reached XP level 1. HP: 12/12 MP: 2/2
     0 | D:1      | 0 ||| qw: Version: 0.3-a-51-g015441d
     0 | D:1      | 0 ||| qw: Game counter: 4242
     0 | D:1      | 0 ||| qw: Melee chars always use a shield: true
     0 | D:1      | 0 ||| qw: God list: Okawaru
     0 | D:1      | 0 ||| qw: Allow faded altars: false
     0 | D:1      | 0 ||| qw: Do Orc after clearing Dungeon:15 true
     0 | D:1      | 0 ||| qw: Do second Lair branch before Depths: true
     0 | D:1      | 0 ||| qw: Lair rune preference: random
     0 | D:1      | 0 ||| qw: Goals: Normal
     0 | D:1      | 0 ||| PLANNING D:1-11
    90 | D:1      | Reached XP level 2. HP: 16/16 MP: 3/3
   179 | D:1      | Reached skill level 3 in Ranged Weapons
   284 | D:1      | Reached XP level 3. HP: 21/21 MP: 4/4
   484 | D:1      | 484 ||| FLEEEEING.
   485 | D:1      | 485 ||| FLEEEEING.
   577 | D:1      | Found a faded altar of an unknown god.
   578 | D:1      | 578 ||| UPGRADING to +0 leather armour.
   588 | D:1      | 588 ||| DROPPING +0 robe.
   589 | D:1      | 589 ||| UPGRADING to ring of see invisible.
   590 | D:1      | 590 ||| READING 3 scrolls labelled QOIFEE PAYNT.
   591 | D:1      | 591 ||| READING 2 scrolls of identify.
   591 | D:1      | 591 ||| IDENTIFYING purple potion
   592 | D:1      | 592 ||| DROPPING scroll of poison.
  1108 | D:2      | Identified the +5 hand axe "Deha" {flame, rN+ MP+9 Int-4}
  1518 | D:2      | 1518 ||| READING scroll labelled LOG AGIEHUENEIRR.
  1519 | D:2      | 1519 ||| READING scroll labelled HOIRIE GEIS.
  1520 | D:2      | 1520 ||| READING 3 scrolls of identify.
  1520 | D:2      | 1520 ||| IDENTIFYING murky ruby potion
  1521 | D:2      | 1521 ||| READING 2 scrolls of identify.
  1521 | D:2      | 1521 ||| IDENTIFYING cyan potion
  1522 | D:2      | 1522 ||| DROPPING potion of brilliance.
  1523 | D:2      | 1523 ||| DROPPING potion of berserk rage.
  1589 | D:3      | Found Alen's Assorted Antiques.
  1595 | D:3      | 1595 ||| SHOPLISTING potion of curing (84 gold, have 75).
  1595 | D:3      | 1595 ||| SHOPLISTING small golden ring (140 gold, have 75).
  1595 | D:3      | 1595 ||| SHOPLISTING wooden wand (112 gold, have 75).
  1660 | D:3      | Found a snail-covered altar of Cheibriados.
  1668 | D:3      | Found a shimmering blue altar of Sif Muna.
  1768 | D:3      | Reached skill level 4 in Ranged Weapons
  1768 | D:3      | Reached XP level 4. HP: 17/26 MP: 5/5
  1769 | D:3      | HP: 6/26 [gnoll/+0 whip (1)]
  1770 | D:3      | Slain by a gnoll

Levels and vault maps discovered:
D:1:      dpeg_arrival_radiant, layout_basic,
          shapermc_ecumenical_altar_acropolis, hangedman_decor_growths
D:2:      layout_basic, minmay_curled_crystal, minmay_unequal
D:3:      layout_rooms, minitemple, mainiacjoe_overflow_24_doors, serial_shops,
          shop, serial_bayou_lake_a

Skill      XL: |  1  2  3 |
---------------+----------+-----
Ranged Weapons | 3 4 |  4.0
Fighting       | 2 |  2.0
Dodging        | |  1.5
Spellcasting   | |  1.0
Hexes          | |  2.6

Action                     |  1- 3 |  4- 6 || total
---------------------------+-------+-------++-------
   Fire: Sling             |   113 |     3 ||   116
    Use: Scroll            |     6 |       ||     6
 Armour: Robe              |    10 |       ||    10
         Leather armour    |    13 |       ||    13
  Dodge: Dodged            |    55 |     3 ||    58

Table legend:
 A = Non-vault XP
 B = Vault XP
 C = Vault XP percentage of total XP
 D = Non-vault monster count
 E = Vault monster count
 F = Vault count percentage of total count
                 A         B        C        D         E       F
            +---------+---------+-------+---------+---------+-------
      Total |      88 |       6 |   6.4 |      28 |       2 |   6.7
            +---------+---------+-------+---------+---------+-------
        D:1 |      39 |       0 |   0.0 |      19 |       0 |   0.0
        D:2 |      19 |       6 |  24.0 |       6 |       2 |  25.0
        D:3 |      30 |       0 |   0.0 |       3 |       0 |   0.0
            +---------+---------+-------+---------+---------+-------
